 Dungeon Crawl Stone Soup version 0.31-a0-1338-gb567cfdca4 (webtiles) character file.

Game seed: 4563271587684125393

1349 Laraso the Basher (level 8, -3/78 HPs)
             Began as an Oni Cinder Acolyte on Dec 23, 2023.
             Was a High Priest of Ignis.
             Slain by an ogre
             ... wielding a +0 giant club
              (23 damage)
             ... on level 6 of the Dungeon.
             The game lasted 00:13:12 (4829 turns).

Laraso the Basher (Oni Cinder Acolyte)              Turns: 4829, Time: 00:13:13

Health: -3/78      AC:  4    Str: 25    XL:     8   Next: 63%
Magic:  12/12      EV:  1    Int: 17    God:    Ignis [*****.]
Gold:   404        SH:  0    Dex: -2 (4) Spells: 3/13 levels left

rFire   + . .        a - +0 giant club
rCold   . . .        (shield currently unavailable)
rNeg    . . .        b - +0 robe
rPois   .            (helmet restricted)
rElec   .            f - +0 cloak
rCorr   .            (gloves unavailable)
SInv    .            (boots unavailable)
Will    .....        c - amulet of regeneration Stlth
                     t - +6 ring of strength
HPRegen 1.13/turn    (no ring)
MPRegen 0.13/turn

%: no passive effects
@: slowed, lost dexterity, very slow
A: drunken brawling, large, unfitting armour, horns 1, tough skin 1, double
potion healing
a: Renounce Religion, Fiery Armour, Foxfire Swarm, Rising Flame


You were on level 6 of the Dungeon.
You worshipped Ignis.
Ignis was extremely pleased with you.
You visited 1 branch of the dungeon, and saw 6 of its levels.

You collected 404 gold pieces.

Inventory:

Hand Weapons
 a - a +0 giant club (weapon)
Missiles
 k - 2 throwing nets
Armour
 b - a +0 robe (worn)
 f - a +0 cloak (worn)
Jewellery
 c - an amulet of regeneration (around neck)
 t - a +6 ring of strength (left hand)
Wands
 p - a wand of roots (10)
Scrolls
 e - a scroll of fog
 j - a scroll of enchant weapon
 l - 2 scrolls of vulnerability
 q - 2 scrolls of amnesia
 u - a scroll of butterflies
 v - a scroll of enchant armour {unknown}
Potions
 d - 3 potions of might
 g - 3 potions of heal wounds
 h - 3 potions of lignification
 i - a potion of enlightenment {unknown}
 m - a potion of ambrosia {unknown}
 n - a potion of curing {unknown}
 o - a potion of degeneration {unknown}
 r - 3 potions of cancellation {unknown}
 s - a potion of invisibility {unknown}


   Skills:
 - Level 4.0 Fighting
 * Level 9.9 Maces & Flails
 + Level 3.0 Spellcasting
 + Level 0.2 Hexes
 + Level 2.0 Translocations
 + Level 3.0 Fire Magic


You had 3 spell levels left.
You knew the following spells:

 Your Spells              Type           Power      Damage    Failure   Level
a - Scorch                Fire           24%        2d6       8%          2
b - Blink                 Tloc           18%        N/A       12%         2
d - Volatile Blastmotes   Fire/Tloc      22%        2d11      19%         3
e - Inner Flame           Hex/Fire       8%         N/A       26%         3

Your spell library contained the following spells:

 Spells                   Type           Power      Damage    Failure   Level
 Magic Dart               Conj           8%         1d3       17%         1
 Call Imp                 Summ           4%         N/A       26%         2
 Iskenderun's Mystic Bla  Conj/Tloc      6%         2d4       75%         4
 Fulminant Prism          Conj/Alch      1%         3d5       86%         4
 Irradiate                Conj/Alch      1%         3d12      99%         5
 Ignition                 Fire           6%         3d4       100%        8


Dungeon Overview and Level Annotations

Branches:
Dungeon (6/15)             Temple (0/1) D:5

Altars:

Shops:
D:3 :   D:4 ==

Portals:
Abyss: D:4

Annotations:
D:4 2 transporters, bungle's ghost, weakling GnDe


Innate Abilities, Weirdness & Mutations

Whenever you drink a potion that restores your health or magic, you attack all enemies around you.
You are too large for most types of armour.
You have a pair of small horns on your head.
You have tough skin. (AC +1)
Whenever you drink a potion that restores your health or magic, it restores twice as much.


Message History

There is a stone staircase leading down here.
You climb downwards.
There is a stone staircase leading up, spattered with blood here.
Found 6 poisoned darts.
A steam dragon comes into view.
The steam dragon hisses angrily.
You see here a scroll labelled ATHRAA USED.
A steam dragon is nearby!
v - a scroll labelled ATHRAA USED The steam dragon bites you but does no damage.
The steam dragon claws you.
The steam dragon bites you but does no damage.
The steam dragon claws you but does no damage.
You hit the steam dragon but do no damage.
Your headbutt misses the steam dragon. The steam dragon bites you.
The steam dragon claws you but does no damage.
You closely miss the steam dragon. Your headbutt misses the steam dragon.
The steam dragon bites you. The steam dragon claws you.
The steam dragon breathes steam at you. The ball of steam hits you. You resist.
You barely miss the steam dragon.
An ogre comes into view. It is wielding a +0 giant club.
The steam dragon bites you! The steam dragon claws you.
The steam dragon bites you but does no damage.
The steam dragon claws you.
You thump the steam dragon! Your headbutt misses the steam dragon.
The steam dragon is moderately wounded.
The steam dragon bites you but does no damage.
The steam dragon claws you but does no damage.
A steam dragon is nearby!
The steam dragon bites you! The steam dragon claws you.
The steam dragon bites you! The steam dragon claws you.
The steam dragon breathes steam at you. The ball of steam hits you. You resist.
The ogre is engulfed in a cloud of scalding steam. x2
The ogre hits you with a +0 giant club!!
* * * LOW HITPOINT WARNING * * *
The ogre attacks as it pursues you!
The ogre hits you with a +0 giant club!!
You die...

........# #........
........## ####........
.........###..♣........
...................######
##................###....
######.#.....P.§§.......
#####....§.§....$...
####..<.........
###@.........
#OD......... #..§§.......
##.§........ #..........
#.......... #..........
#.#........ #..#.......


You could see a steam dragon and an ogre.

Vanquished Creatures
  Grinder (D:4)
  A sky beast (D:6)
  A black bear (D:4)
  An ogre (D:4)
  A phantom (D:4)
  2 bullfrogs
  Blork the orc (D:5)
  A scorpion (D:3)
  A quasit (D:6)
  An orc priest (D:3)
  A hound (D:6)
  A gnoll bouda (D:4)
  A jelly (D:4)
  2 iguanas
  An orc wizard (D:4)
  Ijyb (D:4)
  7 adders
  5 gnolls
  6 shadow imps (D:6)
  A bombardier beetle (D:5)
  4 white imps (D:6)
  4 ufetubi (D:6)
  A worm (D:4)
  2 dart slugs
  8 orcs
  4 bats
  13 endoplasms
  4 giant cockroaches
  4 goblins
  4 hobgoblins
  5 jackals (D:1)
  4 quokkas
  14 ball pythons
  5 frilled lizards
  9 kobolds
  10 rats
132 creatures vanquished.

Notes
Turn   | Place    | Note
-------+----------+-------------------------------------------
     0 | D:1      | Laraso the Oni Cinder Acolyte began the quest for the Orb.
     0 | D:1      | Reached XP level 1. HP: 24/24 MP: 2/2
    50 | D:1      | Reached XP level 2. HP: 3/32 MP: 2/4
   443 | D:1      | Reached XP level 3. HP: 34/39 MP: 5/5
   624 | D:1      | Found a faded altar of an unknown god.
  1151 | D:2      | Reached skill level 4 in Maces & Flails
  1231 | D:2      | Reached XP level 4. HP: 48/48 MP: 7/7
  1887 | D:3      | Reached XP level 5. HP: 41/54 MP: 9/9
  1975 | D:3      | Reached skill level 5 in Maces & Flails
  2032 | D:3      | Found Nut Taec's Book Boutique.
  2268 | D:3      | Reached skill level 6 in Maces & Flails
  2268 | D:3      | Reached XP level 6. HP: 53/62 MP: 10/10
  2280 | D:3      | Learned a level 2 spell: Scorch
  2284 | D:3      | Learned a level 3 spell: Volatile Blastmotes
  2325 | D:4      | Noticed Grinder
  2394 | D:4      | Paralysed by Grinder for 2 turns
  2606 | D:4      | Paralysed by Grinder for 2 turns
  2609 | D:4      | Killed Grinder
  2610 | D:4      | Reached skill level 7 in Maces & Flails
  2610 | D:4      | Reached XP level 7. HP: 70/70 MP: 1/11
  2742 | D:4      | Noticed Ijyb
  2793 | D:4      | Reached skill level 8 in Maces & Flails
  2826 | D:4      | Killed Ijyb
  2857 | D:4      | Found a one-way gate to the infinite horrors of the Abyss.
  2857 | D:4      | Noticed bungle's ghost (weakling GnDe)
  2858 | D:4      | Found Azoedes's Jewellery Shop.
  2865 | D:4      | Found Asusmil's Jewellery Boutique.
  2878 | D:4      | Found a transporter.
  2912 | D:4      | Noticed a small abomination
  2917 | D:4      | Found a transporter.
  3152 | D:4      | Reached skill level 1 in Translocations
  3152 | D:4      | Reached XP level 8. HP: 63/78 MP: 12/12
  3427 | D:5      | Entered Level 5 of the Dungeon
  3697 | D:5      | Found a staircase to the Ecumenical Temple.
  3747 | D:5      | Noticed Blork the orc
  3756 | D:5      | Killed Blork the orc
  3757 | D:5      | Reached skill level 9 in Maces & Flails
  4728 | D:5      | Learned a level 2 spell: Blink
  4732 | D:5      | Learned a level 3 spell: Inner Flame
  4755 | D:6      | Lost dexterity.
  4829 | D:6      | Slain by an ogre

Illustrated notes

Levels and vault maps discovered:
D:1:      dpeg_arrival_simpleton_b, layout_basic,
          chequers_ecumenical_altar_lobes, minmay_misc_feat_cross,
          nicolae_grassy_gnolls
D:2:      layout_loops_ring
D:3:      layout_rooms, serial_shops, nicolae_shop_real_fake_doors
D:4:      minmay_chambers_of_twos, layout_cave_pools, serial_shops, shop, shop,
          gammafunk_ghost_abyssal_escape, uniq_grinder, uniq_ijyb
D:5:      layout_gridville, lemuel_temple_firewalk_a, serial_bayou_lagoon_b,
          uniq_blork_the_orc
D:6:      layout_cave_pods, serial_demonic, serial_demonic_e, serial_demonic_c,
          serial_demonic_e, serial_demonic_b, serial_demonic_d,
          serial_demonic_f, serial_demonic_a

Skill      XL: |  1  2  3  4  5  6  7  8 |
---------------+-------------------------+-----
Fire Magic     | 3 |  3.0
Spellcasting   | 2 3 |  3.0
Maces & Flails | 4 6 7 8 9 |  9.9
Translocations | 1 2 |  2.0
Fighting       | |  4.0
Hexes          | |  0.2

Action                     |  1- 3 |  4- 6 |  7- 9 || total
---------------------------+-------+-------+-------++-------
  Melee: Mace              |    16 |       |       ||    16
         Headbutt          |     5 |    12 |    24 ||    41
         Flail             |    91 |   142 |    10 ||   243
         Punch             |     2 |     2 |       ||     4
         Giant club        |       |       |   200 ||   200
   Cast: Scorch            |       |    11 |    24 ||    35
         Volatile Blastmot |       |       |     2 ||     2
    Use: Scroll            |       |    10 |     3 ||    13
 Armour: Robe              |    81 |   126 |   287 ||   494
  Dodge: Dodged            |    43 |    89 |   151 ||   283

Table legend: (Time is in decaauts)
 A = Elapsed time spent in this place.
 B = Non-inter-level travel time spent in this place.
 C = Inter-level travel time spent in this place.
 D = Time resting spent in this place.
 E = Time spent auto-exploring this place.
 F = Levels seen in this place.
 G = Mean time per level.
                   A        B        C        D        E       F      G
               +--------+--------+--------+--------+--------+-----+--------+
         Total |   4951 |   4781 |    170 |    844 |   2687 |   6 |  825.2 |
       Dungeon |   4951 |   4781 |    170 |    844 |   2687 |   6 |  825.2 |
               +--------+--------+--------+--------+--------+-----+--------+

Top non-repeatable levels by time:
     D:1: 1157 daAuts
     D:4: 941 daAuts
     D:5: 855 daAuts
     D:3: 805 daAuts
     D:2: 647 daAuts
     D:6: 544 daAuts
